 Dungeon Crawl Stone Soup version 0.28-a0-925-gd5e1996cdb (webtiles) character file.

Game seed: 16974286413153221010

3696 Anon1729 the Cleaver (level 9, -6/82 HPs)
             Began as a Minotaur Monk on Nov 26, 2021.
             Mangled by a hornet (11 damage)
             ... on level 9 of the Dungeon.
             The game lasted 00:10:46 (10386 turns).

Anon1729 the Cleaver (Minotaur Monk)               Turns: 10386, Time: 00:10:46

Health: -6/82      AC: 13    Str: 19    XL:     9   Next: 90%
Magic:  8/8        EV: 10    Int:  7    God:
Gold:   419        SH:  0    Dex: 13    Spells: 8/8 levels left

rFire   . . .      SeeInvis .   a - +3 war axe (flame)
rCold   . . .      Faith    .   (no shield)
rNeg    . . .      Spirit   .   j - +0 chain mail
rPois   .          Reflect  .   (helmet restricted)
rElec   .          Harm     .   y - +0 cloak
rCorr   +          Rampage  .   (no gloves)
Will    .....                   E - +0 pair of boots
Stlth   ..........              (no amulet)
HPRegen 0.23/turn               l - ring of resist corrosion
MPRegen 0.11/turn               (no ring)

@: lethally poisoned (-6 -> -11), slowed, very slow
A: horns 2, retaliatory headbutt
a: no special abilities


You were on level 9 of the Dungeon.
You visited 2 branches of the dungeon, and saw 10 of its levels.

You collected 419 gold pieces.

Inventory:

Hand Weapons
 a - a +3 war axe of flaming (weapon)
 b - a +0 dagger of venom
 n - a +2 dagger of freezing
 x - a +0 hand axe
Missiles
 c - 2 curare-tipped darts (quivered)
 u - a throwing net
Armour
 f - a +0 robe
 j - a +0 chain mail (worn)
 r - a +0 ring mail of cold resistance
 y - a +0 cloak (worn)
 E - a +0 pair of boots (worn)
Jewellery
 l - a ring of resist corrosion (left hand)
 v - an amulet of magic regeneration
Wands
 m - a wand of polymorph (2)
 B - a wand of iceblast (9)
Scrolls
 d - 2 scrolls of fog {unknown}
 g - 2 scrolls of fear {unknown}
 h - 2 scrolls of amnesia {unknown}
 k - a scroll of torment {unknown}
 q - 8 scrolls of identify {unknown}
 w - a scroll of vulnerability {unknown}
 z - a scroll of blinking {unknown}
 A - 2 scrolls of teleportation {unknown}
Potions
 e - a potion of heal wounds {unknown}
 i - a potion of resistance {unknown}
 o - a potion of invisibility {unknown}
 p - a potion of might {unknown}
 s - 3 potions of flight {unknown}
 t - 2 potions of brilliance {unknown}
 C - a potion of curing
 D - 2 potions of degeneration {unknown}
 F - a potion of lignification {unknown}


   Skills:
 + Level 8.5 Fighting
 * Level 11.3 Axes
 + Level 7.4 Armour
 + Level 7.7 Dodging
 - Level 1.7 Stealth


You had 8 spell levels left.
You didn't know any spells.
Your spell library contained the following spells:

 Spells                   Type           Power      Damage    Failure   Level
 Summon Small Mammal      Summ           0%         N/A       99%         1
 Blink                    Tloc           0%         N/A       99%         2
 Call Canine Familiar     Summ           0%         N/A       100%        3
 Lesser Beckoning         Tloc           0%         N/A       100%        3
 Summon Guardian Golem    Hex/Summ       0%         N/A       100%        3
 Tukima's Dance           Hex            0%         N/A       100%        3
 Olgreb's Toxic Radiance  Pois           0%         N/A       100%        4
 Passage of Golubria      Tloc           0%         N/A       100%        4
 Manifold Assault         Tloc           0%         N/A       100%        5
 Yara's Violent Unravell  Hex/Tmut       0%         3d3       100%        5
 Ozocubu's Refrigeration  Ice            0%         4d5       100%        7
 Ignition                 Fire           0%         3d3       100%        8
 Chain Lightning          Conj/Air       0%         N/A       100%        9
 Fire Storm               Conj/Fire      0%         5d1       100%        9
 Shatter                  Erth           0%         3d5*      100%        9


Dungeon Overview and Level Annotations

Branches:
Dungeon (9/15)             Temple (1/1) D:6
   Lair: D:8-11         Orc: D:9-12

Altars:
Ashenzari
Dithmenos
Elyvilon
Fedhas
Hepliaklqana
Makhleb
Nemelex Xobeh
Okawaru
Ru
Sif Muna
Trog
Uskayaw
Vehumet
Wu Jian
Xom
Yredelemnul
Zin
The Shining One

Annotations:
D:4 exclusion: 2 doors


Innate Abilities, Weirdness & Mutations

You have a pair of horns on your head.
You reflexively headbutt those who attack you in melee.


Message History

The hornet easily resists.
You feel very sick. The hornet misses you. You furiously retaliate!
You headbutt the hornet. The hornet stings you.
You feel as though you will be slow longer.
Aiming: Polymorph
Press: ? - help, Shift-Dir - straight line, f/p - hornet
Aim: a hornet (lightly wounded, will become a killer bee, a golden eye, or a steam dragon, chance to affect: 37%)
The hornet easily resists.
You feel very sick. The hornet stings you.
You are more poisoned.
You shrug off the repeated paralysis!
The hornet stings you but does no damage.
The hornet stings you.
You feel as though you will be slow longer.
Aiming: Polymorph
Press: ? - help, Shift-Dir - straight line, f/p - hornet
Aim: a hornet (lightly wounded, will become a killer bee, a golden eye, or a steam dragon, chance to affect: 37%)
The hornet easily resists.
You feel very sick. The hornet barely misses you. You furiously retaliate!
You headbutt the hornet, but do no damage.
The hornet stings you but does no damage.
Aiming: Polymorph
Press: ? - help, Shift-Dir - straight line, f/p - hornet
Aim: a hornet (lightly wounded, will become a killer bee, a golden eye, or a steam dragon, chance to affect: 37%)
The hornet easily resists.
You feel very sick. The hornet closely misses you. The hornet stings you!
* * * LOW HITPOINT WARNING * * *
You feel as though you will be slow longer.
Aiming: Polymorph
Press: ? - help, Shift-Dir - straight line, f/p - hornet
Aim: a hornet (lightly wounded, will become a killer bee, a golden eye, or a steam dragon, chance to affect: 37%)
The hornet easily resists.
* * * LOW HITPOINT WARNING * * *
You feel very sick. The hornet stings you!
You die...

######## .......#####
.#####.....# ##### .#
#.###.# ######.... .#
#..##.# #.......# .#
#..##.# #.......#
.#####..##.###.......###
................y......#
................@....#
###......##..#.......#
######.##.###......#
#.##..#.#.#####
#.##.#.##.# .##.####..
#.# ##.# ### #.# .# ..#
#.# .#


You could see a hornet.

Vanquished Creatures
  A manticore (D:9)
  A troll (D:9)
  3 steam dragons
  3 water moccasins
  An orc warrior (D:9)
  A black bear (D:5)
  3 ice beasts
  2 necrophages
  2 ogres
  A phantom (D:6)
  A kobold brigand (D:7)
  2 bullfrogs
  6 scorpions
  3 water moccasin zombies
  2 water moccasin skeletons
  2 jellies (D:4)
  2 centaur zombies (D:6)
  3 hounds
  2 orc priests (D:5)
  A bullfrog skeleton (D:7)
  3 iguanas
  A centaur skeleton (D:5)
  Terence (D:2)
  An orc wizard (D:5)
  A killer bee zombie (D:8)
  Robin (D:2)
  A howler monkey skeleton (D:6)
  8 gnolls
  8 adders
  A white imp (D:6)
  An ufetubus (D:7)
  2 adder skeletons
  3 worms
  2 dart slugs
  10 orcs
  An endoplasm (D:1)
  A giant cockroach (D:2)
  22 goblins
  6 hobgoblins
  18 kobolds
  5 quokkas
  7 ball pythons
  A bat (D:1)
  A frilled lizard (D:1)
  6 rats
154 creatures vanquished.

Vanquished Creatures (others)
  An orc (D:6)
  3 plants (D:7)
4 creatures vanquished.

Grand Total: 158 creatures vanquished

Notes
Turn   | Place    | Note
-------+----------+-------------------------------------------
     0 | D:1      | Anon1729 the Minotaur Monk began the quest for the Orb.
     0 | D:1      | Reached XP level 1. HP: 19/19 MP: 0/0
   317 | D:1      | Reached XP level 2. HP: 26/27 MP: 1/1
   390 | D:1      | Reached skill level 4 in Axes
   436 | D:1      | Reached skill level 1 in Armour
  1109 | D:2      | Noticed Terence
  1116 | D:2      | Killed Terence
  1117 | D:2      | Reached XP level 3. HP: 21/33 MP: 2/2
  1810 | D:2      | You fall into a shaft and drop 2 floors!
  1858 | D:4      | Reached XP level 4. HP: 26/40 MP: 3/3
  1929 | D:4      | Noticed a black bear
  1929 | D:4      | Noticed a water moccasin
  1986 | D:4      | Noticed a necrophage
  2015 | D:4      | Killed a necrophage
  2016 | D:4      | Reached skill level 5 in Axes
  2016 | D:4      | Reached XP level 5. HP: 16/47 MP: 4/4
  2781 | D:3      | Noticed Jessica
  2785 | D:3      | Noticed Jessica
  2785 | D:3      | Jessica changed into Jessica the goblin
  2788 | D:3      | Killed Jessica the goblin
  2972 | D:3      | Noticed an ogre
  2982 | D:3      | Killed an ogre
  2983 | D:3      | Reached XP level 6. HP: 42/55 MP: 5/5
  3079 | D:3      | Noticed an ice beast
  3086 | D:3      | Killed an ice beast
  3087 | D:3      | Reached skill level 5 in Fighting
  3087 | D:3      | Reached skill level 6 in Axes
  3697 | D:2      | Noticed Robin
  3709 | D:2      | Killed Robin
  4826 | D:4      | Noticed an angel
  4827 | D:4      | Found a glowing silver altar of Zin.
  4827 | D:4      | Found a shimmering altar of Xom.
  4864 | D:4      | Reached XP level 7. HP: 61/61 MP: 6/6
  5057 | D:4      | Noticed Pargi
  5060 | D:4      | Noticed Pargi
  5060 | D:4      | Pargi changed into Pargi the jelly
  5064 | D:4      | Killed Pargi the jelly
  5065 | D:4      | Reached skill level 5 in Dodging
  5134 | D:5      | Entered Level 5 of the Dungeon
  5309 | D:5      | Reached skill level 7 in Axes
  5933 | D:5      | Found a glowing golden altar of the Shining One.
  5965 | D:5      | Reached XP level 8. HP: 54/66 MP: 7/7
  6069 | D:5      | Reached skill level 8 in Axes
  6433 | D:5      | Found a hazy altar of Hepliaklqana.
  6681 | D:6      | Reached skill level 5 in Armour
  6730 | D:6      | Found a bloodstained altar of Trog.
  6753 | D:6      | Found a staircase to the Ecumenical Temple.
  7048 | D:6      | Reached skill level 9 in Axes
  7594 | D:6      | Reached XP level 9. HP: 60/79 MP: 8/8
  7898 | D:7      | Found a sparkling altar of Nemelex Xobeh.
  7949 | D:7      | Noticed a skeletal warrior
  7950 | D:7      | Noticed a skeletal warrior
  8012 | Temple   | Entered the Ecumenical Temple
  8952 | D:7      | Reached skill level 10 in Axes
  9261 | D:7      | Noticed a skeletal warrior
  9542 | D:8      | Found a radiant altar of Vehumet.
  9818 | D:8      | Found a burning altar of Makhleb.
  9920 | D:9      | Noticed a troll
  9932 | D:9      | Killed a troll
  9933 | D:9      | Reached skill level 11 in Axes
 10238 | D:9      | Found a basalt altar of Yredelemnul.
 10258 | D:9      | Noticed a manticore
 10270 | D:9      | Killed a manticore
 10379 | D:9      | Paralysed by a hornet for 3 turns
 10386 | D:9      | Mangled by a hornet

Illustrated notes

Levels and vault maps discovered:
D:1:      scummos_arrival_forest, layout_basic, chequers_serial_rivers_small_b
D:2:      layout_basic, uniq_terence, uniq_robin
D:3:      layout_rooms, grunt_ministairs_1, minmay_ogre_servants, uniq_jessica
D:4:      layout_gridville, grunt_temple_overflow_order_and_chaos_1,
          kennysheep_generic_room_5, uniq_pargi
D:5:      layout_basic, mainiacjoe_overflow_alcove_4,
          mainiacjoe_overflow_catwalk
D:6:      layout_basic, mainiacjoe_overflow_small_starburst,
          nicolae_overflow_hidden_temple, minmay_temple_entry_statues_fountains,
          kennysheep_cross_room, st_stairs_3, kennysheep_small_square
D:7:      layout_basic, nicolae_overflow_crystal_walls, chei_slow_surprise,
          serial_bayou_crossing
D:8:      layout_rooms, mainiacjoe_overflow_paths, bloody_makhleb
D:9:      layout_loops_ring, old_standard_altar, grunt_gozag_breadcrumbs,
          serial_shops, nicolae_shop_temple_entry_statues_fountains,
          david_defended_altar_orc
Temple:   nicolae_temple_figure_zero

Skill      XL: |  1  2  3  4  5  6  7  8  9 |
---------------+----------------------------+-----
Axes           | 4 5 6 7 9 11 | 11.3
Armour         | 1 2 3 4 6 7 |  7.4
Fighting       | 4 5 6 7 8 |  8.5
Dodging        | 4 5 6 7 |  7.7
Stealth        | |  1.7

Action                   |  1- 3 |  4- 6 |  7- 9 || total
-------------------------+-------+-------+-------++-------
Melee: Hand axe          |    59 |   142 |    64 ||   265
       Headbutt          |    11 |    27 |    45 ||    83
       Dagger            |     5 |       |       ||     5
       War axe           |       |       |   145 ||   145
Evoke: Wand              |       |     1 |     6 ||     7
  Use: Potion            |       |     2 |       ||     2
 Stab: Sleeping          |     4 |     3 |     1 ||     8
Armor: Robe              |     6 |    16 |       ||    22
       Ring mail         |       |       |    37 ||    37
       Chain mail        |       |       |    41 ||    41
Dodge: Dodged            |    41 |    90 |   116 ||   247

Table legend: (Time is in decaauts)
 A = Elapsed time spent in this place.
 B = Non-inter-level travel time spent in this place.
 C = Inter-level travel time spent in this place.
 D = Time resting spent in this place.
 E = Time spent auto-exploring this place.
 F = Levels seen in this place.
 G = Mean time per level.
                   A        B        C        D        E       F      G
               +--------+--------+--------+--------+--------+-----+--------+
         Total |  10404 |   9814 |    590 |   2203 |   6347 |  10 | 1040.4 |
       Dungeon |  10280 |   9701 |    579 |   2203 |   6234 |   9 | 1142.2 |
        Temple |    123 |    113 |     10 |      0 |    113 |   1 |  123.0 |
               +--------+--------+--------+--------+--------+-----+--------+

Top non-repeatable levels by time:
     D:5: 1946 daAuts
     D:2: 1850 daAuts
     D:6: 1522 daAuts
     D:3: 1327 daAuts
     D:1: 1109 daAuts
     D:4: 918 daAuts
     D:8: 598 daAuts
     D:9: 515 daAuts
     D:7: 492 daAuts
  Temple: 123 daAuts
